| TOP OF THE 1ST |
|
Columbus Clippers batting - Pitching for Norfolk Tides : RHP Wes Reynolds
|
|
Pitching: RHP Wes Reynolds
|
|
|
Batting: SHB Scott Scott
|
0-0: Called Strike 0-1: Ball 1-1: Foul Ball, location: 2F 1-2: Ground out 5-3 (Groundball, 56, EV 101.9 MPH)
|
|
Batting: RHB Chad Thompson
|
0-0: Called Strike 0-1: Swinging Strike 0-2: Ground out 4-3 (Groundball, 4M, EV 108.8 MPH)
|
|
Batting: SHB Valentin Laporte
|
0-0: Ball 1-0: Ball 2-0: Foul Ball, location: 2F 2-1: Called Strike 2-2: Foul Ball, location: 2F 2-2: Strikes out looking
|
| Top of the 1st over - 0 runs, 0 hits, 0 errors, 0 left on base; Columbus 0 - Norfolk 0 |
| BOTTOM OF THE 1ST |
|
Norfolk Tides batting - Pitching for Columbus Clippers : RHP Fred Huber
|
|
Pitching: RHP Fred Huber
|
|
|
Batting: RHB Steve Jones
|
0-0: Ball 1-0: TRIPLE (Flyball, 78XD, EV 111.9 MPH)
|
|
Batting: RHB Jeremy Sipe
|
0-0: Swinging Strike 0-1: Swinging Strike 0-2: Ball 1-2: Strikes out swinging
|
|
Batting: LHB Wes Goscinski
|
0-0: Fly out, F7 (Flyball, 78D, EV 105.6 MPH) Runner from 3rd tags up, OUT at HOME! 7-2
|
| Bottom of the 1st over - 0 runs, 1 hit, 0 errors, 0 left on base; Columbus 0 - Norfolk 0 |
| TOP OF THE 2ND |
|
Columbus Clippers batting - Pitching for Norfolk Tides : RHP Wes Reynolds
|
|
Batting: LHB Zion Davidson
|
0-0: Ball 1-0: Ball 2-0: Fly out, F6 (Popup, 15S, EV 94.4 MPH)
|
|
Batting: LHB Zack Berney
|
0-0: Ball 1-0: Foul Ball, location: 2F 1-1: Foul Ball, location: 2F 1-2: Foul Ball, location: 2F 1-2: Ball 2-2: Ball 3-2: Foul Ball, location: 2F 3-2: Base on Balls
|
|
Batting: RHB Mike Quackenbush
|
0-0: Ball Zack Berney steals 2nd base (no throw) 1-0: Swinging Strike 1-1: Ball Zack Berney steals 3rd base 2-1: Foul Ball, location: 2F 2-2: Strikes out swinging
|
|
Batting: RHB Kyle Scruggs
|
0-0: Called Strike 0-1: Called Strike 0-2: Ball 1-2: Strikes out swinging
|
| Top of the 2nd over - 0 runs, 0 hits, 0 errors, 1 left on base; Columbus 0 - Norfolk 0 |
| BOTTOM OF THE 2ND |
|
Norfolk Tides batting - Pitching for Columbus Clippers : RHP Fred Huber
|
|
Batting: SHB Eduardo Maldonado
|
0-0: Called Strike 0-1: Ball 1-1: Swinging Strike 1-2: Foul Ball, location: 2F 1-2: Strikes out swinging
|
|
Batting: SHB Ben Pierce
|
0-0: Ball 1-0: Ball 2-0: Ground out 4-3 (Groundball, 4, EV 107.5 MPH)
|
|
Batting: RHB John Gray
|
0-0: Ball 1-0: Called Strike 1-1: Ball 2-1: Called Strike 2-2: Fly out, F8 (Line Drive, 8LD, EV 109.4 MPH)
|
| Bottom of the 2nd over - 0 runs, 0 hits, 0 errors, 0 left on base; Columbus 0 - Norfolk 0 |
| TOP OF THE 3RD |
|
Columbus Clippers batting - Pitching for Norfolk Tides : RHP Wes Reynolds
|
|
Batting: RHB Rick O'Reilly
|
0-0: Called Strike 0-1: Foul Ball, location: 2F 0-2: Fly out, F9 (Line Drive, 9, EV 92.5 MPH)
|
|
Batting: RHB George Wagner
|
0-0: Called Strike 0-1: Ground out 2-3 (Groundball, 15S, EV 76.2 MPH)
|
|
Batting: SHB Scott Scott
|
0-0: Swinging Strike 0-1: Swinging Strike 0-2: Foul Ball, location: 2F 0-2: Foul Ball, location: 2F 0-2: Ball 1-2: Ball 2-2: Ball 3-2: Strikes out swinging
|
| Top of the 3rd over - 0 runs, 0 hits, 0 errors, 0 left on base; Columbus 0 - Norfolk 0 |
| BOTTOM OF THE 3RD |
|
Norfolk Tides batting - Pitching for Columbus Clippers : RHP Fred Huber
|
|
Batting: LHB Keith Long
|
0-0: Ball 1-0: Ball 2-0: Ball 3-0: Called Strike 3-1: Ground out 6-3 (Groundball, 6M, EV 108.1 MPH)
|
|
Batting: RHB Ray Sims
|
0-0: Ground out 4-3 (Groundball, 4, EV 80.0 MPH)
|
|
Batting: RHB Matt Berrier
|
0-0: Foul Ball, location: 2F 0-1: Swinging Strike 0-2: Ball 1-2: Foul Ball, location: 2F 1-2: Ground out 5-3 (Groundball, 56, EV 88.1 MPH)
|
| Bottom of the 3rd over - 0 runs, 0 hits, 0 errors, 0 left on base; Columbus 0 - Norfolk 0 |
| TOP OF THE 4TH |
|
Columbus Clippers batting - Pitching for Norfolk Tides : RHP Wes Reynolds
|
|
Batting: RHB Chad Thompson
|
0-0: Ball 1-0: Called Strike 1-1: Ground out 6-3 (Groundball, 6S, EV 86.9 MPH)
|
|
Batting: SHB Valentin Laporte
|
0-0: Called Strike 0-1: SINGLE (Groundball, 56, EV 105.6 MPH) (infield hit)
|
|
Batting: LHB Zion Davidson
|
0-0: Ball 1-0: Foul Ball, location: 2F 1-1: Ball 2-1: Ball 3-1: Base on Balls Valentin Laporte to second
|
|
Batting: LHB Zack Berney
|
0-0: Ball 1-0: Called Strike Valentin Laporte steals 3rd base Zion Davidson to second 1-1: Foul Ball, location: 2F 1-2: Fly out, F8 (Flyball, 89D, EV 102.5 MPH)
|
|
Batting: RHB Mike Quackenbush
|
0-0: Ball 1-0: Fly out, F8 (Flyball, 8RM, EV 85.0 MPH)
|
| Top of the 4th over - 0 runs, 1 hit, 0 errors, 2 left on base; Columbus 0 - Norfolk 0 |
| BOTTOM OF THE 4TH |
|
Norfolk Tides batting - Pitching for Columbus Clippers : RHP Fred Huber
|
|
Batting: RHB Steve Jones
|
0-0: Called Strike 0-1: Foul Ball, location: 2F 0-2: Ball 1-2: Ball 2-2: Ball 3-2: Foul Ball, location: 2F 3-2: Strikes out swinging
|
|
Batting: RHB Jeremy Sipe
|
0-0: Ground out 2-3 (Groundball, 15S, EV 70.6 MPH)
|
|
Batting: LHB Wes Goscinski
|
0-0: Ball 1-0: Ground out 4-3 (Groundball, 4, EV 96.9 MPH)
|
| Bottom of the 4th over - 0 runs, 0 hits, 0 errors, 0 left on base; Columbus 0 - Norfolk 0 |
| TOP OF THE 5TH |
|
Columbus Clippers batting - Pitching for Norfolk Tides : RHP Wes Reynolds
|
|
Batting: RHB Kyle Scruggs
|
0-0: Fly out, F8 (Flyball, 8LD, EV 110.6 MPH)
|
|
Batting: RHB Rick O'Reilly
|
0-0: TRIPLE (Flyball, 78XD, EV 97.5 MPH)
|
|
Batting: RHB George Wagner
|
0-0: Ball 1-0: Ball 2-0: Swinging Strike 2-1: Foul Ball, location: 2F 2-2: Ball 3-2: Foul Ball, location: 2F 3-2: Strikes out swinging
|
|
Batting: SHB Scott Scott
|
0-0: Ball 1-0: Called Strike 1-1: Ball 2-1: Ball 3-1: Base on Balls
|
|
Batting: RHB Chad Thompson
|
0-0: Swinging Strike 0-1: Ball 1-1: Foul Ball, location: 2F 1-2: Foul Ball, location: 2F 1-2: Fly out, F7 (Flyball, 78M, EV 93.1 MPH)
|
| Top of the 5th over - 0 runs, 1 hit, 0 errors, 2 left on base; Columbus 0 - Norfolk 0 |
| BOTTOM OF THE 5TH |
|
Norfolk Tides batting - Pitching for Columbus Clippers : RHP Fred Huber
|
|
Batting: SHB Eduardo Maldonado
|
0-0: Ball 1-0: Fly out, F5 (Popup, 5L, EV 68.1 MPH)
|
|
Batting: SHB Ben Pierce
|
0-0: Called Strike 0-1: Foul Ball, location: 2F 0-2: Fly out, F5 (Flyball, 5D, EV 85.6 MPH)
|
|
Batting: RHB John Gray
|
0-0: Called Strike 0-1: SINGLE (Line Drive, 34, EV 100.6 MPH)
|
|
Batting: LHB Keith Long
|
0-0: Ball 1-0: Ball 2-0: Ball 3-0: Foul Ball, location: 2F 3-1: Foul Ball, location: 2F 3-2: Fly out, F5 (Line Drive, 5, EV 67.5 MPH)
|
| Bottom of the 5th over - 0 runs, 1 hit, 0 errors, 1 left on base; Columbus 0 - Norfolk 0 |
| TOP OF THE 6TH |
|
Columbus Clippers batting - Pitching for Norfolk Tides : RHP Wes Reynolds
|
|
Batting: SHB Valentin Laporte
|
0-0: Ball 1-0: SINGLE (Groundball, 6D, EV 98.1 MPH)
|
|
Batting: LHB Zion Davidson
|
0-0: Ball 1-0: Called Strike Valentin Laporte steals 2nd base 1-1: Fly out, F5 (Popup, 56, EV 58.8 MPH)
|
|
Batting: LHB Zack Berney
|
0-0: Intentional Walk
|
|
Batting: RHB Mike Quackenbush
|
0-0: Ball 1-0: Foul Ball, location: 2F 1-1: Ball 2-1: Foul Ball, location: 2F 2-2: Ball 3-2: Strikes out looking
|
|
Batting: RHB Kyle Scruggs
|
0-0: Ground out 1-3 (Groundball, 13S, EV 73.1 MPH)
|
| Top of the 6th over - 0 runs, 1 hit, 0 errors, 2 left on base; Columbus 0 - Norfolk 0 |
| BOTTOM OF THE 6TH |
|
Norfolk Tides batting - Pitching for Columbus Clippers : RHP Fred Huber
|
|
Batting: RHB Ray Sims
|
0-0: Ball 1-0: Ball 2-0: Ball 3-0: Base on Balls
|
|
Batting: RHB Matt Berrier
|
0-0: Ball 1-0: Ball 2-0: Called Strike 2-1: Ball 3-1: Base on Balls Ray Sims to second
|
|
Batting: RHB Steve Jones
|
0-0: Ball 1-0: Foul Ball, location: 2F 1-1: Ball 2-1: Foul Ball, location: 2F 2-2: Ball 3-2: Base on Balls Ray Sims to third Matt Berrier to second
|
|
Batting: RHB Jeremy Sipe
|
0-0: Ball 1-0: SINGLE (Flyball, 4D, EV 96.2 MPH) Ray Sims scores Matt Berrier to third Steve Jones to second
|
|
Batting: LHB Wes Goscinski
|
0-0: Foul Ball, location: 2F 0-1: Foul Ball, location: 2F 0-2: Ball 1-2: Ball 2-2: Fly out, F8 (Flyball, 8LM, EV 95.0 MPH)
|
|
Batting: SHB Eduardo Maldonado
|
0-0: Called Strike 0-1: Grounds into fielders choice 4-2 (Groundball, 4, EV 106.2 MPH) Steve Jones to third Jeremy Sipe to second
|
|
Batting: SHB Ben Pierce
|
0-0: Ball 1-0: Ball 2-0: Ball 3-0: Called Strike 3-1: Base on Balls Steve Jones scores Jeremy Sipe to third Eduardo Maldonado to second
|
|
Batting: RHB John Gray
|
0-0: Ball 1-0: Called Strike 1-1: Ball 2-1: Called Strike 2-2: Fly out, F9 (Flyball, 9D, EV 90.6 MPH)
|
| Bottom of the 6th over - 2 runs, 1 hit, 0 errors, 3 left on base; Columbus 0 - Norfolk 2 |
| TOP OF THE 7TH |
|
Columbus Clippers batting - Pitching for Norfolk Tides : RHP Wes Reynolds
|
|
Batting: RHB Rick O'Reilly
|
0-0: Ball 1-0: Ball 2-0: Called Strike 2-1: SINGLE (Line Drive, 6D, EV 98.1 MPH)
|
|
Pinch Hitting: LHB Tyler Babbitt
|
0-0: Ball 1-0: Called Strike 1-1: Ball 2-1: Called Strike 2-2: Ball 3-2: Foul Ball, location: 2F 3-2: Base on Balls Rick O'Reilly to second
|
|
Batting: SHB Scott Scott
|
0-0: Ball 1-0: Called Strike 1-1: Ball 2-1: Ball 3-1: Swinging Strike 3-2: Base on Balls Rick O'Reilly to third Tyler Babbitt to second
|
|
Pitching: RHP Ryan Hemmerich
|
|
|
Batting: RHB Chad Thompson
|
0-0: Foul Ball, location: 2F 0-1: Ball 1-1: Swinging Strike 1-2: Strikes out swinging
|
|
Batting: SHB Valentin Laporte
|
0-0: Ball 1-0: Called Strike 1-1: Called Strike 1-2: Foul Ball, location: 2F 1-2: Strikes out swinging
|
|
Batting: LHB Zion Davidson
|
0-0: Ball 1-0: Ball 2-0: Ball 3-0: Called Strike 3-1: Called Strike 3-2: SINGLE (Groundball, 6S, EV 65.6 MPH) (infield hit) Rick O'Reilly scores Tyler Babbitt to third Scott Scott to second
|
|
Batting: LHB Zack Berney
|
0-0: Foul Ball, location: 2F 0-1: Ball 1-1: Ball 2-1: Called Strike 2-2: Ball 3-2: Fly out, F8 (Flyball, 8LD, EV 96.9 MPH)
|
| Top of the 7th over - 1 run, 2 hits, 0 errors, 3 left on base; Columbus 1 - Norfolk 2 |
| BOTTOM OF THE 7TH |
|
Norfolk Tides batting - Pitching for Columbus Clippers : RHP Fred Huber
|
|
Now in CF: Chad Thompson
|
|
|
Now in RF: Tyler Babbitt
|
|
|
Batting: LHB Keith Long
|
0-0: Called Strike 0-1: Ball 1-1: Called Strike 1-2: Ball 2-2: Strikes out swinging
|
|
Pitching: RHP Dennis Beals
|
|
|
Batting: RHB Ray Sims
|
0-0: Ball 1-0: Ball 2-0: Fly out, F5 (Line Drive, 56, EV 74.4 MPH)
|
|
Batting: RHB Matt Berrier
|
0-0: Ball 1-0: Ball 2-0: Called Strike 2-1: Ball 3-1: Ground out 6-3 (Groundball, 6, EV 103.1 MPH)
|
| Bottom of the 7th over - 0 runs, 0 hits, 0 errors, 0 left on base; Columbus 1 - Norfolk 2 |
| TOP OF THE 8TH |
|
Columbus Clippers batting - Pitching for Norfolk Tides : RHP Ryan Hemmerich
|
|
Now at 1B: Jeremy Sipe
|
|
|
Now at 2B: Danny Baeza
|
|
|
Batting: RHB Mike Quackenbush
|
0-0: Ball 1-0: Ball 2-0: Called Strike 2-1: Ground out 6-3 (Groundball, 6M, EV 98.8 MPH)
|
|
Pinch Hitting: LHB Jesus Lozano
|
0-0: Ball 1-0: Swinging Strike 1-1: Foul Ball, location: 2F 1-2: Fly out, F7 (Line Drive, 7D, EV 88.1 MPH)
|
|
Batting: RHB Rick O'Reilly
|
0-0: Ball 1-0: Called Strike 1-1: Ball 2-1: Ball 3-1: Ground out 4-3 (Groundball, 4S, EV 79.4 MPH)
|
| Top of the 8th over - 0 runs, 0 hits, 0 errors, 0 left on base; Columbus 1 - Norfolk 2 |
| BOTTOM OF THE 8TH |
|
Norfolk Tides batting - Pitching for Columbus Clippers : RHP Dennis Beals
|
|
Now at 3B: Jesus Lozano
|
|
|
Batting: RHB Steve Jones
|
0-0: Foul Ball, location: 2F 0-1: Called Strike 0-2: Strikes out looking
|
|
Batting: RHB Jeremy Sipe
|
0-0: Ball 1-0: Called Strike 1-1: Fly out, F7 (Line Drive, 7S, EV 98.8 MPH)
|
|
Batting: RHB Danny Baeza
|
0-0: Ball 1-0: SINGLE (Line Drive, 56D, EV 93.8 MPH)
|
|
Batting: SHB Eduardo Maldonado
|
0-0: Ball 1-0: Foul Ball, location: 2F 1-1: Fly out, F8 (Flyball, 8LXD, EV 96.2 MPH)
|
| Bottom of the 8th over - 0 runs, 1 hit, 0 errors, 1 left on base; Columbus 1 - Norfolk 2 |
| TOP OF THE 9TH |
|
Columbus Clippers batting - Pitching for Norfolk Tides : RHP Ryan Hemmerich
|
|
Pitching: RHP Manny Rolfe
|
|
|
Batting: LHB Tyler Babbitt
|
0-0: Called Strike 0-1: Ball 1-1: Called Strike 1-2: Strikes out swinging
|
|
Batting: SHB Scott Scott
|
0-0: Called Strike 0-1: Ball 1-1: Called Strike 1-2: Strikes out looking
|
|
Batting: RHB Chad Thompson
|
0-0: Ball 1-0: Called Strike 1-1: Ground out 6-3 (Groundball, 56, EV 84.4 MPH)
|
| Top of the 9th over - 0 runs, 0 hits, 0 errors, 0 left on base; Columbus 1 - Norfolk 2 |
|